 Dungeon Crawl Stone Soup version 0.31-a0-152-g6aa68a64a1 (webtiles) character file.

Game seed: 5456656733729806785

28 qw the Shooter (level 2, 0/26 HPs)
             Began as a Minotaur Hunter on June 10, 2023.
             Succumbed to their own poison gas
             ... on level 1 of the Dungeon.
             The game lasted 00:00:21 (613 turns).

qw the Shooter (Minotaur Hunter)                     Turns: 613, Time: 00:00:22

Health: 0/26       AC:  9    Str: 15    XL:     2   Next: 96%
Magic:  1/1        EV: 11    Int:  6    God:
Gold:   86         SH:  5    Dex: 13    Spells: 1/1 levels left

rFire   . . .        Y - +1 shortbow
rCold   . . .        (shield currently unavailable)
rNeg    . . .        g - +0 ring mail
rPois   .            (helmet restricted)
rElec   .            (no cloak)
rCorr   .            (no gloves)
SInv    .            (no boots)
Will    +....        k - amulet of reflection
Stlth   +            h - +4 ring of protection
HPRegen 0.24/turn    i - ring of willpower
MPRegen 0.07/turn

%: reflection
@: lethally poisoned (0 -> -4)
A: horns 2, retaliatory headbutt
a: no special abilities


You were on level 1 of the Dungeon.
You visited 1 branch of the dungeon, and saw 1 of its levels.

You collected 86 gold pieces.


Innate Abilities, Weirdness & Mutations

You have a pair of horns on your head.
You reflexively headbutt those who attack you in melee.


   Skills:
 - Level 3.0 Fighting
 - Level 5.2 Ranged Weapons
 + Level 0.0 Armour
 - Level 2.1 Dodging
 - Level 0.7 Stealth


You had one spell level left.
You didn't know any spells.
Your spell library was empty.

Inventory:

Hand Weapons
 Y - a +1 shortbow (weapon)
Armour
 g - a +0 ring mail (worn)
Jewellery
 h - a +4 ring of protection (left hand)
 i - a ring of willpower (right hand)
 k - an amulet of reflection (around neck)
 l - a ring of positive energy
Potions
 j - a potion of heal wounds {unknown}

Dungeon Overview and Level Annotations

Branches:
Dungeon (1/15)

Altars:


Message History

Really abort (and waste the scroll)?
Done exploring.
604 ||| READING scroll labelled REXZYGIKHUA.
As you read the scroll labelled REXZYGIKHUA, it crumbles to dust.
It is a scroll of enchant weapon.
Your +0 shortbow glows red for a moment.
Done exploring.
605 ||| DROPPING scroll of butterflies.
You drop a scroll of butterflies.
Done exploring.
(D) Dungeon
Where to? (* - list waypoints, ? - help)
What level of the Dungeon? (default 1, ? - help) Sorry, I don't know how to get there.
Enter note:
Enter note:
Enter note:
Enter note:
Enter note:
Enter note:
Enter note:
Enter note:
Enter note: Really walk into that cloud of poison gas?
You are engulfed in poison gas.
You are poisoned.
You feel very sick.
607 ||| Stepping ~*~*~tactically~*~*~ (cloud).
You feel very sick.
Items here: " = ? [.
There is a lethal amount of poison in your body!
You feel very sick.
There is a lethal amount of poison in your body!
You feel sick.
There is a lethal amount of poison in your body!
You feel very sick.
There is a lethal amount of poison in your body!
You feel sick.
There is a lethal amount of poison in your body!
You feel sick.
There is a lethal amount of poison in your body!
You die...

##### #...# #..:#
###########...#
#¤¤.00.¤00#...###
#.0¤00.¤.0#.....#
#¤0.@¤¤.0¤#...#.##
#000¤0¤¤0.#...#..##
#0.0.0.000#...#...###
#¤¤000¤0¤0#####.#...#
#¤0¤¤0¤000# #..##..
#¤¤0.0¤..¤######.###.
#########¤0........#.
#####..##....
##.......


There were no monsters in sight!

Vanquished Creatures
  2 ball pythons (D:1)
  3 endoplasms (D:1)
  A giant cockroach (D:1)
  3 goblins (D:1)
  2 hobgoblins (D:1)
  5 kobolds (D:1)
  A quokka (D:1)
  2 frilled lizards (D:1)
  7 rats (D:1)
26 creatures vanquished.

Notes
Turn   | Place    | Note
-------+----------+-------------------------------------------
     0 | D:1      | qw the Minotaur Hunter began the quest for the Orb.
     0 | D:1      | Reached XP level 1. HP: 18/18 MP: 0/0
     0 | D:1      | 0 ||| qw: Version: 0.2-a-122-gbc61b45
     0 | D:1      | 0 ||| qw: Game counter: 3631
     0 | D:1      | 0 ||| qw: Always use a shield: true
     0 | D:1      | 0 ||| qw: God list: Okawaru
     0 | D:1      | 0 ||| qw: Allow faded altars: false
     0 | D:1      | 0 ||| qw: Do Orc after D:15 true
     0 | D:1      | 0 ||| qw: Do second Lair branch before Depths: true
     0 | D:1      | 0 ||| qw: Lair rune preference: random
     0 | D:1      | 0 ||| qw: Plans: Normal
     0 | D:1      | 0 ||| PLANNING D:1-11
    37 | D:1      | Reached XP level 2. HP: 25/25 MP: 1/1
    49 | D:1      | Reached skill level 5 in Ranged Weapons
   389 | D:1      | Reached skill level 3 in Fighting
   582 | D:1      | 582 ||| UPGRADING to +0 ring mail.
   592 | D:1      | 592 ||| DROPPING +0 leather armour.
   593 | D:1      | 593 ||| UPGRADING to amulet of reflection.
   598 | D:1      | 598 ||| DROPPING amulet of regeneration.
   599 | D:1      | 599 ||| DROPPING ring of flight.
   600 | D:1      | 600 ||| UPGRADING to +4 ring of protection.
   601 | D:1      | 601 ||| UPGRADING to ring of willpower.
   602 | D:1      | 602 ||| READING scroll labelled FIHYLO ZEOF.
   603 | D:1      | 603 ||| READING scroll labelled YSERUA ELIUPTACSE.
   604 | D:1      | 604 ||| READING scroll labelled REXZYGIKHUA.
   605 | D:1      | 605 ||| DROPPING scroll of butterflies.
   607 | D:1      | 607 ||| Stepping ~*~*~tactically~*~*~ (cloud).
   609 | D:1      | HP: 6/26 [poisoned by you (poison gas)]
   611 | D:1      | HP: 2/26 [poisoned by you (poison gas)]
   613 | D:1      | Succumbed to their own poison gas

Levels and vault maps discovered:
D:1:      dpeg_arrival_ratfight, layout_rooms

Skill      XL: |  1  2 |
---------------+-------+-----
Ranged Weapons | 5 |  5.2
Fighting       | 3 |  3.0
Dodging        | |  2.1
Stealth        | |  0.7

Action                     || total
---------------------------++-------
   Fire: Shortbow          ||    80
    Use: Scroll            ||     3
 Armour: Leather armour    ||     6
  Dodge: Dodged            ||    15

Table legend:
 A = Non-vault XP
 B = Vault XP
 C = Vault XP percentage of total XP
 D = Non-vault monster count
 E = Vault monster count
 F = Vault count percentage of total count
                 A         B        C        D         E       F
            +---------+---------+-------+---------+---------+-------
      Total |      35 |       5 |  12.5 |      21 |       5 |  19.2
            +---------+---------+-------+---------+---------+-------
        D:1 |      35 |       5 |  12.5 |      21 |       5 |  19.2
            +---------+---------+-------+---------+---------+-------
